 Dungeon Crawl Stone Soup version 0.19.0-2-gae57169 (webtiles) character file.

213 Pepeogr the Ruffian (level 5, -18/41 HPs)
             Began as a Draconian Transmuter on Nov 6, 2016.
             Killed from afar by an orc (32 damage)
             ... with an exploding inner flame
             ... hexed by the player character
             ... on level 3 of the Dungeon.
             The game lasted 00:12:26 (2788 turns).

Pepeogr the Ruffian (Draconian Transmuter)          Turns: 2788, Time: 00:12:27

Health: -18/41     AC:  5    Str: 13    XL:     5   Next: 59%
Magic:  7/8        EV: 12    Int: 13    God:
Gold:   160        SH:  6    Dex: 12    Spells: 2 memorised, 4 levels left

rFire  . . .     SeeInvis .       - Unarmed
rCold  . . .     Gourm    .     (armour unavailable)
rNeg   . . .     Faith    .     (no shield)
rPois  .         Spirit   .     (helmet restricted)
rElec  .         Reflect  +     (no cloak)
rCorr  .         Harm     .     (no gloves)
MR     .....                    (no boots)
Stlth  +.........               j - +6 amulet of reflection
                                (no ring)
                                (no ring)

@: no status effects
A: unfitting armour, cold-blooded, AC +5
a: no special abilities


You were on level 3 of the Dungeon.
You were not hungry.

You visited 1 branch of the dungeon, and saw 3 of its levels.

You collected 160 gold pieces.

Inventory:

Missiles
 a - 30 arrows
Armour
 h - a +2 helmet of intelligence
Jewellery
 j - a +6 amulet of reflection (around neck)
Scrolls
 c - a scroll of amnesia {unknown}
 k - a scroll of blinking
 m - a scroll of identify
Potions
 e - a potion of heal wounds
 i - a potion of haste
Books
 b - a book of Changes

   Spells                             Type                      Level
   a - Beastly Appendage              Transmutation                1
   b - Sticks to Snakes               Transmutation                2
   c - Spider Form                    Transmutation/Poison         3
   d - Ice Form                       Ice/Transmutation            4
   e - Blade Hands                    Transmutation                5
Comestibles
 d - a slice of pizza
 f - 2 meat rations
 g - 2 beef jerkies


   Skills:
 + Level 1.7 Fighting
 + Level 2.5 Dodging
 + Level 0.8 Stealth
 * Level 5.6 Unarmed Combat
 + Level 2.0 Spellcasting
 + Level 2.1 Transmutations


You had 4 spell levels left.
You knew the following spells:

 Your Spells              Type           Power        Failure   Level  Hunger
a - Beastly Appendage     Tmut           #.....       12%         1    ##.....
b - Spider Form           Tmut/Pois      #.........   52%         3    ####...


Dungeon Overview and Level Annotations

Branches:
Dungeon (3/15)

Altars:


Innate Abilities, Weirdness & Mutations

Your plain brown scales are hard. (AC +5)
You cannot fit into any form of body armour.
You are cold-blooded and may be slowed by cold attacks.


Message History

You hit the orc.
You kill the orc!
The orc hits you with a dagger.
The orc priest miscasts a cantrip.
The orc closely misses you.
As you read the scroll of immolation, it crumbles to dust.
The creatures around you are filled with an inner flame!
The orc misses you. The orc hits you but does no damage.
The orc closely misses you.
You punch the orc!
The orc explodes!
The fiery explosion engulfs the orc priest.
The orc priest explodes!
The fiery explosion engulfs the orc.
The orc explodes!
The fiery explosion engulfs the orc.
The orc explodes!
The fiery explosion engulfs you!
Ouch! That really hurt!
You die...

#.......# #.......#
#......%# ## #......[#..
####### #....§§§#. ......#
#....§§§§ ......#
#.....§§# ......#
#§######### ......#
#@§.......#
.....)##################.#
.................>..#(.#.#
##.......##########.#..#†#
#.......# #.#..#.#
#.......# #.#..#.#
#.......######## #.#..#.#
#.......#......# #...<#.#
#########......########.#


There were no monsters in sight!

Vanquished Creatures
  An orc priest (D:3)
  2 worker ant zombies (D:2)
  5 gnolls
  5 adders
  2 adder skeletons (D:2)
  2 dart slugs
  2 worms (D:2)
  A leopard gecko (D:3)
  3 orcs (D:3)
  5 bats
  3 giant cockroaches
  4 goblins
  5 hobgoblins
  2 frilled lizards
  A giant cockroach zombie (D:2)
  A jackal skeleton (D:2)
  5 kobolds
  A leopard gecko skeleton (D:2)
  A quokka skeleton (D:2)
  11 rats
62 creatures vanquished.

Vanquished Creatures (others)
  A goblin (D:2)
1 creature vanquished.

Grand Total: 63 creatures vanquished

Notes
Turn   | Place    | Note
-------+----------+-------------------------------------------
     0 | D:1      | Pepeogr the Draconian Transmuter began the quest for the Orb.
     0 | D:1      | Reached XP level 1. HP: 16/16 MP: 3/3
   212 | D:1      | Reached XP level 2. HP: 12/23 MP: 5/5
   392 | D:1      | Reached skill level 4 in Unarmed Combat
   736 | D:2      | Reached XP level 3. HP: 23/28 MP: 6/6
  1366 | D:2      | Reached XP level 4. HP: 25/35 MP: 7/7
  1486 | D:2      | Learned a level 3 spell: Spider Form
  1665 | D:2      | Reached skill level 5 in Unarmed Combat
  2526 | D:3      | Reached XP level 5. HP: 32/40 MP: 6/8
  2788 | D:3      | Killed from afar by an orc

Skill      XL: |  1  2  3  4 |
---------------+-------------+-----
Unarmed Combat | 4 5 |  5.6
Dodging        | 2 |  2.5
Fighting       | |  1.7
Stealth        | |  0.8
Spellcasting   | |  2.0
Transmutations | |  2.1

Action                   |  1- 3 |  4- 6 || total
-------------------------+-------+-------++-------
Melee: Unarmed           |   156 |    99 ||   255
       Tailslap          |    15 |    17 ||    32
       Punch             |     2 |     2 ||     4
       Kick              |       |    11 ||    11
 Cast: Beastly Appendage |       |     2 ||     2
  Use: Potion            |     9 |       ||     9
       Scroll            |     3 |     3 ||     6
 Stab: Invisible         |     2 |       ||     2
       Sleeping          |       |     1 ||     1
  Eat: Bread ration      |     1 |     1 ||     2
       Pizza             |       |     1 ||     1
Armor: Skin              |    42 |    22 ||    64
Dodge: Dodged            |    96 |    59 ||   155
Block: Other             |    27 |    19 ||    46
       Reflection        |     2 |       ||     2
